Map: Oxide LE

Players

Epic - Winner!

  • Race: Terran Terran
  • League: Grandmaster
  • Spawn Location: 1:00

Rhizer

  • Race: Protoss Protoss
  • League: Grandmaster
  • Spawn Location: 7:00

Event: DreamHack SC2 Masters 2020 Winter

VOD

Have the link to the VOD?

Description

Time

  • Played on: Oct. 24, 2020, 9:24 p.m.
  • Length: 15:34

All games in this series

Show
View Real Time Build Order
Export as new Build Order

Epic Terran - Winner!

Build Orders:  

Get SALT Encoding   

  12  0:00  SCV  
  13  0:12  SCV  
  14  0:17  Supply Depot  
  14  0:24  SCV  
  15  0:39  SCV, Barracks  
  16  0:44  Refinery  
  16  0:51  SCV  
  17  1:03  SCV  
  18  1:15  SCV  
  19  1:27  Orbital Command  
  19  1:28  Reaper  
  19  1:29  Engineering Bay  
  20  1:34  Supply Depot  
  20  1:53  SCV  
  21  1:58  Command Center  
  21  2:07  Factory  
  21  2:09  SCV  
  21  2:15  Refinery  
  22  2:21  SCV  
  22  2:22  Barracks Reactor  
  23  2:33  SCV  
  24  2:45  SCV  
  25  2:51  Factory Tech Lab  
  25  2:56  Starport  
  25  2:57  SCV  
  26  2:59  Marine x2  
  28  3:09  SCV  
  28  3:10  Orbital Command  
  28  3:16  Marine  
  28  3:17  Marine  
  30  3:22  SCV, Barracks  
  31  3:27  Barracks  
  31  3:28  Hellion  
  33  3:34  SCV  
  33  3:35  SCV  
  33  3:37  Marine  
  33  3:38  Marine  
  37  3:42  Raven  
  37  3:46  Supply Depot  
  37  3:48  SCV  
  40  3:50  SCV  
  41  3:57  Factory Tech Lab  
  41  3:58  Marine x2  
  41  4:01  SCV  
  41  4:02  SCV  
  45  4:07  Refinery  
  45  4:09  Supply Depot  
  45  4:11  Engineering Bay  
  45  4:16  SCV x2  
  47  4:21  Stimpack, Marauder  
  47  4:22  Marine  
  47  4:23  Marine  
  51  4:30  SCV x2  
  51  4:33  Viking  
  51  4:36  Missile Turret  
  53  4:42  Marauder x2, Marine  
  53  4:43  Marine  
  59  4:46  SCV  
  59  4:47  SCV  
  59  4:51  Supply Depot  
  61  4:53  Factory Tech Lab  
  61  4:55  Terran Infantry Weapons Level 1  
  61  4:58  Supply Depot  
  61  5:00  SCV  
  62  5:07  Starport Reactor  
  62  5:13  SCV, Marauder x2, Marine x2  
  69  5:18  Supply Depot  
  69  5:21  Factory Reactor  
  69  5:23  SCV  
  69  5:25  SCV  
  69  5:26  Combat Shield  
  71  5:29  Supply Depot  
  71  5:32  Marine x2  
  71  5:33  Refinery  
  71  5:35  SCV  
  74  5:37  SCV  
  74  5:38  Missile Turret  
  74  5:47  Marauder x2  
  74  5:49  Marine  
  75  5:50  SCV x2, Marine  
  75  5:51  Medivac  
  75  5:54  Medivac  
  83  5:59  Supply Depot  
  83  6:00  Widow Mine  
  83  6:01  Widow Mine  
  83  6:03  Concussive Shells  
  87  6:09  Marauder  
  87  6:11  Supply Depot, Marauder  
  91  6:13  Marine x2  
  88  6:23  Widow Mine x2  
  92  6:30  Medivac  
  92  6:31  Medivac, Command Center  
  96  6:35  Supply Depot  
  96  6:38  Marauder  
  96  6:39  Marauder  
  100  6:41  Marine  
  100  6:42  Marine  
  102  6:48  Widow Mine x2  
  102  6:51  Terran Infantry Armor Level 1  
  106  7:02  Medivac x2  
  110  7:08  Marine x2  
  110  7:09  Marauder x2  
  110  7:14  Widow Mine  
  118  7:21  Supply Depot, Barracks  
  118  7:22  Barracks  
  118  7:30  Widow Mine, Marine  
  118  7:31  Marine  
  118  7:34  Marauder  
  118  7:42  Viking x2  
  118  7:43  Marauder  
  124  7:44  SCV x2  
  124  7:45  Supply Depot, Orbital Command  
  124  7:50  Marine x2  
  126  8:03  SCV x2  
  126  8:05  Marauder x2  
  130  8:17  Barracks Tech Lab  
  130  8:18  Barracks Reactor, Viking x2  
  124  8:20  SCV  
  124  8:21  SCV, Orbital Command  
  112  8:33  SCV x2  
  112  8:37  Marine x2  
  112  8:38  Marauder x3  
  113  8:57  Viking x2  
  113  9:02  Ghost Academy  
  106  9:03  SCV x3, Starport  
  106  9:06  Marauder x3, Marine  
  116  9:10  Marine x2  
  116  9:11  Marine  
  119  9:20  Missile Turret  
  119  9:24  Missile Turret  
  119  9:27  Viking x2  
  119  9:29  Marine x4  
  127  9:31  Ghost  
  127  9:33  Ghost  
  127  9:36  Ghost  
  133  9:42  Refinery  
  133  9:43  Missile Turret  
  133  9:44  Viking  
  135  9:46  Viking  
  136  9:53  Marine x4  
  136  9:55  Enhanced Shockwaves  
  85  10:00  Viking, Missile Turret x2  
  141  10:08  Viking  
  141  10:13  Supply Depot x2  
  143  10:14  Supply Depot  
  143  10:16  Ghost, Marine x4  
  149  10:26  Supply Depot  
  149  10:31  Refinery  
  149  10:34  Viking x2  
  149  10:35  Marauder x2  
  157  10:41  Marine x4  
  161  10:49  Ghost  
  160  10:54  Command Center  
  162  10:57  Ghost  
  162  11:00  Missile Turret  
  162  11:01  Marine x3  
  162  11:02  Missile Turret  
  162  11:03  Marine  
  168  11:05  Marauder  
  170  11:11  Liberator  
  170  11:12  Liberator  
  170  11:16  Supply Depot  
  176  11:20  Marine x3  
  176  11:21  Marine  
  176  11:22  Supply Depot  
  180  11:36  Supply Depot  
  180  11:37  Supply Depot, Liberator  
  180  11:38  Marauder x3  
  188  11:50  Marine x2  
  188  11:51  Marine x2  
  192  11:59  Marauder x2, Marine  
  184  12:08  Marine  
  180  12:17  Marauder  
  180  12:21  SCV x3  
  159  12:24  Marauder x2, Marine x3  
  159  12:26  Marine  
  124  12:38  Marauder  
  124  12:42  Marine x3  
  124  12:43  SCV x3  
  123  12:44  Marine  
  123  12:46  Marauder x2  
  128  12:57  Liberator x4  
  140  13:00  SCV x3, Marauder  
  145  13:07  Marauder x2, Marine x2  
  145  13:09  Marine  
  145  13:10  Marine  
  153  13:13  Planetary Fortress  
  153  13:17  SCV x2  
  153  13:18  SCV  
  156  13:21  Marauder  
  158  13:27  Marine x2  
  158  13:28  Marauder x2  
  158  13:32  Marine  
  158  13:33  Marine  
  166  13:40  Liberator x2  
  172  13:43  Marauder  
  172  13:45  Marine, Liberator x2  
  181  13:51  SCV x4, Missile Turret  
  185  13:58  Fusion Core  
  185  13:59  Ghost x2  
  186  14:10  Marine x4  
  188  14:26  Marauder  
  188  14:28  Marauder, Marine x2  
  188  14:29  Marauder  
  188  14:30  Liberator x3  
  184  14:50  Refinery  
  178  14:56  Ghost x2  
  178  14:57  Marine  
  178  14:58  Marine x3  
  167  15:14  Command Center  
  167  15:21  Refinery  
Show
View Real Time Build Order
Export as new Build Order

Rhizer Protoss 

Build Orders: Zealot Archon, Archon Drop, Dark Templar Rush 

Get SALT Encoding   

  12  0:00  Probe  
  13  0:12  Probe  
  14  0:17  Pylon  
  14  0:24  Probe (Chrono Boost)  
  15  0:37  Probe (Chrono Boost), Gateway  
  16  0:44  Probe (Chrono Boost)  
  16  0:47  Assimilator  
  17  0:51  Probe  
  18  1:03  Probe  
  19  1:15  Probe  
  20  1:24  Cybernetics Core  
  20  1:28  Probe  
  21  1:34  Pylon  
  21  1:39  Assimilator  
  21  1:41  Probe (Chrono Boost)  
  22  1:53  Probe (Chrono Boost)  
  23  1:58  Probe (Chrono Boost)  
  23  2:01  Adept (Chrono Boost)  
  26  2:11  Nexus  
  26  2:14  Warp Gate  
  26  2:24  Stalker (Chrono Boost)  
  26  2:26  Probe  
  28  2:38  Probe  
  28  2:41  Twilight Council  
  29  2:46  Pylon  
  28  2:51  Probe  
  29  3:03  Probe  
  30  3:11  Robotics Facility  
  30  3:16  Probe  
  31  3:24  Gateway  
  32  3:28  Probe (Chrono Boost)  
  32  3:30  Probe (Chrono Boost)  
  32  3:31  Dark Shrine  
  33  3:39  Probe (Chrono Boost)  
  33  3:40  Probe (Chrono Boost)  
  35  3:47  Probe, Gateway  
  36  3:49  Probe  
  37  3:55  Warp Prism (Chrono Boost)  
  37  4:01  Probe  
  40  4:03  Probe  
  40  4:08  Assimilator  
  41  4:13  Probe  
  41  4:15  Probe, Stalker  
  45  4:25  Probe (Chrono Boost)  
  45  4:30  Probe (Chrono Boost)  
  47  4:37  Probe (Chrono Boost)  
  48  4:40  Pylon  
  48  4:43  Probe x2 (Chrono Boost)  
  50  4:46  Dark Templar x2  
  54  4:54  Nexus  
  54  4:58  Probe x2  
  54  4:59  Observer  
  57  5:03  Assimilator  
  57  5:08  Pylon  
  57  5:10  Probe  
  57  5:13  Dark Templar  
  60  5:15  Charge  
  60  5:18  Dark Templar  
  60  5:19  Archon  
  62  5:22  Archon  
  62  5:27  Probe (Chrono Boost)  
  63  5:29  Robotics Bay  
  63  5:30  Probe (Chrono Boost)  
  64  5:36  Observer  
  64  5:38  Probe (Chrono Boost), Forge  
  64  5:39  Probe (Chrono Boost)  
  67  5:43  Probe (Chrono Boost)  
  67  5:47  Probe  
  69  5:53  Probe  
  70  5:57  Pylon  
  70  6:02  Gateway  
  70  6:05  Probe x2  
  70  6:07  Stalker, Sentry x2  
  70  6:08  Gateway  
  78  6:17  Probe, Colossus (Chrono Boost)  
  79  6:22  Probe x2  
  87  6:29  Probe, Extended Thermal Lance  
  87  6:32  Pylon  
  88  6:34  Probe x2  
  88  6:39  Shield Battery  
  90  6:42  Probe  
  90  6:46  Probe x2, Protoss Ground Weapons Level 1  
  93  6:50  Pylon  
  93  6:54  Probe  
  94  6:55  Photon Cannon  
  94  6:58  Colossus (Chrono Boost)  
  93  7:05  Shield Battery  
  93  7:07  Shield Battery  
  93  7:08  Zealot x3  
  101  7:13  Zealot, Blink (Chrono Boost)  
  107  7:16  Pylon  
  107  7:20  Zealot  
  103  7:36  Zealot x2  
  103  7:37  Zealot x2  
  105  7:40  Gateway  
  105  7:41  Probe  
  105  7:43  Gateway  
  108  7:45  Gateway  
  108  7:56  Pylon  
  108  7:57  Pylon  
  108  7:58  Pylon  
  108  8:00  Probe  
  108  8:02  Assimilator  
  108  8:03  Assimilator  
  109  8:15  Dark Templar x4  
  109  8:17  Probe x2  
  110  8:24  Stalker  
  110  8:27  Archon, Robotics Facility  
  106  8:39  Zealot x2  
  110  8:43  Photon Cannon  
  110  8:47  Pylon, Nexus  
  108  8:49  Pylon  
  108  8:54  Zealot x3  
  108  8:55  Zealot x2  
  108  9:02  Protoss Ground Armor Level 1 (Chrono Boost)  
  104  9:04  Probe  
  104  9:05  Zealot x2  
  109  9:12  Warp Prism (Chrono Boost)  
  111  9:18  Templar Archives  
  111  9:20  Zealot x4  
  111  9:22  Sentry  
  121  9:30  Pylon  
  121  9:31  Probe x2  
  123  9:39  Zealot x2  
  123  9:43  Pylon  
  123  9:45  Zealot x2  
  131  9:46  Psionic Storm  
  131  9:47  Pylon  
  131  9:57  Dark Shrine  
  131  9:58  High Templar x2  
  134  10:00  High Templar  
  134  10:05  Probe  
  137  10:07  Probe  
  137  10:08  Probe x2  
  137  10:09  Pylon  
  137  10:12  High Templar  
  137  10:14  High Templar  
  144  10:18  Probe  
  144  10:19  Immortal (Chrono Boost)  
  145  10:26  Probe  
  145  10:27  Probe x2  
  152  10:30  Probe  
  152  10:32  Zealot  
  152  10:33  Zealot  
  157  10:40  Probe, Photon Cannon  
  157  10:42  Shield Battery  
  158  10:44  High Templar x2  
  158  10:47  Probe x2  
  158  10:48  Archon  
  158  10:49  Observer (Chrono Boost)  
  165  10:54  Zealot x2  
  165  10:55  Zealot x2  
  173  11:04  Pylon, Protoss Ground Armor Level 2 (Chrono Boost)  
  173  11:06  Forge  
  173  11:08  Immortal (Chrono Boost)  
  173  11:09  Shadow Stride (Chrono Boost)  
  177  11:22  Pylon, Assimilator  
  177  11:23  Assimilator  
  177  11:25  Pylon, Dark Templar x2  
  179  11:28  Dark Templar  
  183  11:32  Zealot  
  183  11:33  Zealot  
  187  11:44  Gateway  
  187  11:46  Gateway  
  185  11:57  Zealot x3  
  185  11:58  Immortal  
  185  12:01  Zealot x3  
  197  12:03  Archon  
  179  12:16  Archon  
  179  12:17  Archon  
  143  12:23  Zealot  
  143  12:24  Zealot x6  
  107  12:40  Probe x3  
  107  12:41  Colossus (Chrono Boost)  
  110  12:49  Robotics Facility  
  110  12:51  High Templar x4  
  114  12:52  Zealot x5  
  130  13:02  Nexus  
  130  13:03  Protoss Ground Weapons Level 2 (Chrono Boost)  
  128  13:16  High Templar x2  
  128  13:18  Zealot x3  
  138  13:20  Pylon, Archon  
  138  13:21  Colossus (Chrono Boost)  
  144  13:27  Dark Templar  
  144  13:28  Zealot, Dark Templar  
  144  13:32  Archon  
  148  13:41  Stalker x3  
  149  13:48  Dark Templar  
  143  13:52  Colossus (Chrono Boost), Dark Templar  
  145  13:59  Zealot  
  153  14:06  Warp Prism (Chrono Boost)  
  155  14:14  Pylon  
  155  14:15  Stalker  
  154  14:29  Stalker x3, Colossus  
  132  14:39  Archon  
  132  14:40  Zealot x3  
  127  14:47  Stalker x2  
  124  14:56  Dark Templar  
  118  15:11  Dark Templar  
  118  15:12  Dark Templar x2  
  114  15:18  Archon x2  
  114  15:21  Archon  
  114  15:22  Stalker  
Tags
 
Add a new tag
Caveats
  • Supply blocks, unpowered buildings, or Contaminate may cause inaccurate times.
  • Supply counts are checked every 10 seconds.